 Dungeon Crawl Stone Soup version 0.26-a0-651-gb41185065b (webtiles) character file.

Game seed: 10900357800602279345

371 Ozzies the Skirmisher (level 6, -9/44 HPs)
             Began as a Gargoyle Fighter on Oct 14, 2020.
             Mangled by a mummy (12 damage)
             ... in an ossuary.
             The game lasted 00:02:49 (2406 turns).

Ozzies the Skirmisher (Gargoyle Fighter)            Turns: 2406, Time: 00:02:50

Health: -9/44      AC: 12    Str: 21    XL:     6   Next: 71%
Magic:  6/6        EV:  7    Int:  9    God:
Gold:   177        SH:  9    Dex:  9    Spells: 5/5 levels left

rFire    . . .     SeeInvis .   a - +0 flail
rCold    . . .     Faith    .   c - +0 kite shield
rNeg     + . .     Spirit   .   b - +0 scale mail
rPois    ∞         Reflect  .   j - +0 hat
rElec    +         Harm     .   l - +0 cloak
rCorr    .         Rampage  .   (no gloves)
MR       .....                  (no boots)
Stlth    ..........             (no amulet)
HPRegen  0.14/turn              (no ring)
MPRegen  0.10/turn              (no ring)

@: mighty
A: negative energy resistance 1, electricity resistance, unbreathing,
petrification resistance, rot immunity, AC +4
a: no special abilities


You were in an ossuary.
You visited 1 branch of the dungeon, and saw 4 of its levels.
You also visited: Ossuary.

You collected 177 gold pieces.

Inventory:

Hand Weapons
 a - a +0 flail (weapon)
Armour
 b - a +0 scale mail (worn)
 c - a +0 kite shield (worn)
 j - a +0 hat (worn)
 l - a +0 cloak (worn)
Scrolls
 e - 3 scrolls of identify {unknown}
 h - a scroll of fog {unknown}
 n - 2 scrolls of remove curse {unknown}
 q - a scroll of immolation {unknown}
 r - a scroll of amnesia {unknown}
 s - a scroll of enchant weapon {unknown}
Potions
 d - 2 potions of might {@q3 !q}
 f - a potion of brilliance {unknown}
 g - 2 potions of curing {unknown}
 i - a potion of haste {unknown}
 k - a potion of magic {unknown}
 m - a potion of ambrosia {unknown}
 o - a potion of lignification {unknown}
 p - 2 potions of stabbing {unknown}


   Skills:
 + Level 7.1 Fighting
 + Level 3.9 Maces & Flails
 - Level 3.2 Armour
 - Level 3.2 Shields


You had 5 spell levels left.
You didn't know any spells.
Your spell library contained the following spells:

 Spells                   Type           Power        Failure   Level
 Corona                   Hex            #......      99%         1
 Ensorcelled Hibernation  Hex/Ice        #.....       100%        2
 Confusing Touch          Hex            #.......     100%        3
 Dazzling Flash           Conj/Hex       #.....       100%        3
 Tukima's Dance           Hex            #.......     100%        3


Dungeon Overview and Level Annotations

Branches:
Dungeon (4/15)            Ossuary (1/1)
 Temple: D:4-7

Altars:
Dithmenos
Kikubaaqudgha


Innate Abilities, Weirdness & Mutations

You are resistant to torment.
Your stone body is resilient. (AC +4)
You are immune to poison.
You resist negative energy. (rN+)
You are resistant to electric shocks. (rElec)
You can survive without breathing.
You are immune to petrification.
You are immune to rotting.


Message History

The worker ant zombie barely misses you.
The leopard gecko zombie bites you but does no damage.
The mummy hits you.
A mummy comes into view.
You completely miss the mummy.
The mummy is severely damaged.
You block the worker ant zombie's attack.
The leopard gecko zombie barely misses you.
The mummy hits you.
You barely miss the mummy.
The mummy is severely damaged.
You block the worker ant zombie's attack.
You block the leopard gecko zombie's attack.
The mummy hits you. The mummy hits you!
You are too injured to fight recklessly!
You are too injured to fight recklessly!
You are too injured to fight recklessly!
You are too injured to fight recklessly!
You are too injured to fight recklessly!
You are too injured to fight recklessly!
You are too injured to fight recklessly!
You are too injured to fight recklessly!
You are too injured to fight recklessly!
You are too injured to fight recklessly!
You are too injured to fight recklessly!
You are too injured to fight recklessly!
You are too injured to fight recklessly!
You barely miss the worker ant zombie.
The worker ant zombie barely misses you.
The leopard gecko zombie bites you but does no damage.
You sock the mummy!
The mummy is heavily damaged.
The leopard gecko zombie bites you but does no damage.
You block the mummy's attack.
You block the leopard gecko zombie's attack.
Your scale mail prevents you from hitting the mummy.
The mummy is heavily damaged.
You block the leopard gecko zombie's attack.
The mummy hits you.
* * * LOW HITPOINT WARNING * * *
You hit the mummy.
The mummy is heavily damaged.
The leopard gecko zombie bites you but does no damage.
The mummy barely misses you.
The mummy hits you but does no damage. x2
You hit the mummy.
The mummy is severely damaged.
The leopard gecko zombie bites you but does no damage.
The mummy hits you but does no damage.
You block the leopard gecko zombie's attack.
You block the mummy's attack.
You barely miss the mummy.
The mummy is severely damaged.
The mummy barely misses you.
The leopard gecko zombie bites you but does no damage.
The mummy closely misses you.
You barely miss the mummy.
The mummy is severely damaged.
The leopard gecko zombie bites you.
* * * LOW HITPOINT WARNING * * *
The mummy barely misses you. The mummy hits you but does no damage.
You block the mummy's attack.
The leopard gecko zombie bites you but does no damage.
You thump the mummy!
You destroy the mummy!
Your Fighting skill increases to level 7!
You block the mummy's attack.
The leopard gecko zombie barely misses you.
The mummy hits you.
* * * LOW HITPOINT WARNING * * *
There is an open door here.
You hit the mummy.
The mummy is severely damaged.
You block the mummy's attack.
You hit the mummy.
You destroy the mummy!
You hit the leopard gecko zombie.
The leopard gecko zombie is heavily damaged.
The leopard gecko zombie bites you but does no damage.
You sock the mummy!
The mummy is severely damaged.
Really quaff
d - 3 potions of might {@q3 !q}? [Y]es or [N]o only, please.
Really quaff
d - 3 potions of might {@q3 !q}?
You feel very mighty all of a sudden. The mummy hits you!
* * * LOW HITPOINT WARNING * * *
You closely miss the mummy.
The mummy is severely damaged.
You bludgeon the mummy!!
You destroy the mummy!
You sock the leopard gecko zombie!
You destroy the leopard gecko zombie!
You sock the mummy!
The mummy is severely damaged.
The mummy hits you.
* * * LOW HITPOINT WARNING * * *
You completely miss the mummy.
The mummy is severely damaged.
The mummy hits you!
You die...

#+# +..
###.#####
#.'.#...#
#.'.∩.#
+.#..∩#
###.#####
#.'ZM@#
###Z###
+.#


#ZM +.# #.# '.. #'# You could see a mummy, a bullfrog zombie and a worker ant
zombie.

Vanquished Creatures
  Purgy (D:3)
  2 vampire bats (D:2)
  An iguana (D:3)
  4 mummies (Ossuary)
  3 adders
  A worm (D:3)
  A dart slug (D:1)
  3 leopard geckos (D:3)
  2 orcs (D:3)
  3 ball pythons
  2 bat skeletons (D:2)
  3 bat zombies (D:2)
  7 giant cockroaches
  8 goblins
  4 hobgoblins
  5 jackals (D:3)
  8 kobolds
  A quokka (D:3)
  11 bats
  4 frilled lizards
  A leopard gecko zombie (Ossuary)
  A quokka zombie (Ossuary)
  9 rats
85 creatures vanquished.

Vanquished Creatures (others)
  3 withered plants (Ossuary)
3 creatures vanquished.

Grand Total: 88 creatures vanquished

Notes
Turn   | Place    | Note
-------+----------+-------------------------------------------
     0 | D:1      | Ozzies the Gargoyle Fighter began the quest for the Orb.
     0 | D:1      | Reached XP level 1. HP: 14/14 MP: 1/1
   200 | D:1      | Reached XP level 2. HP: 20/20 MP: 2/2
   278 | D:1      | Reached skill level 4 in Fighting
   554 | D:1      | Reached XP level 3. HP: 24/24 MP: 3/3
   968 | D:2      | Reached skill level 5 in Fighting
  1159 | D:2      | Found a shadowy altar of Dithmenos.
  1417 | D:2      | Reached XP level 4. HP: 27/31 MP: 4/4
  1457 | D:2      | Found an ancient bone altar of Kikubaaqudgha.
  1510 | D:2      | Reached skill level 6 in Fighting
  1510 | D:2      | Reached XP level 5. HP: 36/36 MP: 5/5
  1595 | D:3      | Noticed Purgy
  1612 | D:3      | Killed Purgy
  1612 | D:3      | Reached XP level 6. HP: 35/42 MP: 6/6
  2321 | D:4      | Found a sand-covered staircase.
  2364 | Ossuary  | Entered an ossuary
  2394 | Ossuary  | Reached skill level 7 in Fighting
  2406 | Ossuary  | Mangled by a mummy

Illustrated notes

Levels and vault maps discovered:
D:1:      shiori_arrival_elements, layout_loops_ring, minmay_tromino_v4_b
D:2:      layout_loops_cross, kennysheep_vampire_church, grunt_dithmenos_smoke,
          grunt_decor_one_mirror
D:3:      layout_loops_ring, minmay_misc_feat_cross, uniq_purgy
D:4:      layout_cave_pools, nicolae_gozag_cash_rules_everything_around_me,
          overflow_temple_1_default, nicolae_qazlal_eye_of_the_storm,
          minmay_temple_entry_poolview, nicolae_ossuary_entry_ruins,
          small_statue_intersection
Ossuary:  ossuary_zaba_flooded

Skill      XL: |  1  2  3  4  5  6 |
---------------+-------------------+-----
Fighting       | 4 5 6 7 |  7.1
Maces & Flails | 3 |  3.9
Armour         | |  3.2
Shields        | |  3.2

Action                   |  1- 3 |  4- 6 || total
-------------------------+-------+-------++-------
Melee: Flail             |   185 |   174 ||   359
  Use: Potion            |       |     1 ||     1
Armor: Scale mail        |   170 |   153 ||   323
Dodge: Dodged            |    92 |    98 ||   190
Block: Kite shield       |   162 |   122 ||   284

Table legend: (Time is in decaauts)
 A = Elapsed time spent in this place.
 B = Non-inter-level travel time spent in this place.
 C = Inter-level travel time spent in this place.
 D = Time resting spent in this place.
 E = Time spent auto-exploring this place.
 F = Levels seen in this place.
 G = Mean time per level.
                   A        B        C        D        E       F      G
               +--------+--------+--------+--------+--------+-----+--------+
         Total |   2532 |   2474 |     58 |      0 |   1761 |   5 |  506.4 |
       Dungeon |   2481 |   2423 |     58 |      0 |   1759 |   4 |  620.2 |
       Ossuary |     51 |     51 |      0 |      0 |      2 |   1 |   51.0 |
               +--------+--------+--------+--------+--------+-----+--------+

Top non-repeatable levels by time:
     D:1: 974 daAuts
     D:3: 800 daAuts
     D:2: 658 daAuts
 Ossuary: 51 daAuts
     D:4: 48 daAuts
